NYP
HUDSON VALLEY RENEGADES @ LOS ANGELES (NYP) ANGELS
06/26/2044
 
TOP OF THE 1ST
Hudson Valley Renegades batting - Pitching for Los Angeles (NYP) Angels : LHP Jon Curtis
Pitching: LHP Jon Curtis
Batting: RHB Jesse Haddad 0-0: Ball
1-0: Ball
2-0: Swinging Strike
2-1: Foul Ball, location: 2F
2-2: Strikes out swinging
Batting: LHB Mark Marvin 0-0: Foul Ball, location: 2F
0-1: Ball
1-1: Called Strike
1-2: Foul Ball, location: 2F
1-2: Strikes out swinging
Batting: SHB Suljo Dokic 0-0: SOLO HOME RUN (Flyball, 78XD, EV 105.6 MPH), Distance : 441 ft
Batting: LHB Isaac Bamberg 0-0: Foul Ball, location: 2F
0-1: Ball
1-1: Foul Ball, location: 2F
1-2: Foul Ball, location: 2F
1-2: Ball
2-2: Strikes out swinging
Top of the 1st over - 1 run, 1 hit, 0 errors, 0 left on base; Hudson Valley 1 - Los Angeles (NYP) 0
BOTTOM OF THE 1ST
Los Angeles (NYP) Angels batting - Pitching for Hudson Valley Renegades : RHP Scott Shank
Pitching: RHP Scott Shank
Batting: RHB Randy Grewe 0-0: Swinging Strike
0-1: Called Strike
0-2: DOUBLE (Line Drive, 8RXD, EV 101.9 MPH)
Batting: RHB Steve Hasson 0-0: Called Strike
0-1: Swinging Strike
0-2: Ball
1-2: Strikes out swinging
Batting: RHB Jeff Long 0-0: Ball
1-0: Ground out 5-3 (Groundball, 25, EV 78.1 MPH)
Batting: SHB Conor Davies 0-0: Foul Ball, location: 2F
0-1: Swinging Strike
0-2: Ball
1-2: Strikes out looking and he ARGUES THE CALL AND IS TOSSED!
Bottom of the 1st over - 0 runs, 1 hit, 0 errors, 1 left on base; Hudson Valley 1 - Los Angeles (NYP) 0
TOP OF THE 2ND
Hudson Valley Renegades batting - Pitching for Los Angeles (NYP) Angels : LHP Jon Curtis
Now in RF: Mario Velazquez
Batting: RHB Freddy Mullen 0-0: Called Strike
0-1: Ball
1-1: Ball
2-1: Ball
3-1: Foul Ball, location: 2F
3-2: Ground out 4-3 (Groundball, 4M, EV 78.8 MPH)
Batting: LHB Dan Hunt 0-0: Foul Ball, location: 2F
0-1: Ball
1-1: Foul Ball, location: 2F
1-2: Foul Ball, location: 2F
1-2: Strikes out swinging, 2-3 out at first.
Batting: RHB Chris Glavin 0-0: Ball
1-0: Ball
2-0: Called Strike
2-1: Ball
3-1: DOUBLE (Line Drive, 9LM, EV 108.1 MPH)
Batting: LHB Killian Chaumont 0-0: Ball
1-0: Ball
2-0: Foul Ball, location: 2F
2-1: Ground out 1-3 (Groundball, 13, EV 68.1 MPH)
Top of the 2nd over - 0 runs, 1 hit, 0 errors, 1 left on base; Hudson Valley 1 - Los Angeles (NYP) 0
BOTTOM OF THE 2ND
Los Angeles (NYP) Angels batting - Pitching for Hudson Valley Renegades : RHP Scott Shank
Batting: RHB Tsega Haida 0-0: DOUBLE (Line Drive, 78D, EV 109.4 MPH)
Batting: RHB Jason Habeck 0-0: SINGLE (Groundball, 4MD, EV 98.1 MPH)
Tsega Haida to third
Batting: RHB Steve Hughey 0-0: Called Strike
0-1: Ball
1-1: Called Strike
1-2: Strikes out swinging
Batting: RHB David Kunze 0-0: Ball
1-0: Ball
2-0: Ball
3-0: Base on Balls
Jason Habeck to second
Batting: RHB Zach Robbins 0-0: Ground out 6-3 (Groundball, P, EV 79.4 MPH)
Tsega Haida scores
Jason Habeck to third
David Kunze to second
Batting: RHB Randy Grewe 0-0: Ball
1-0: Ball
2-0: Ground out 4-3 (Groundball, 4, EV 87.5 MPH)
Bottom of the 2nd over - 1 run, 2 hits, 0 errors, 2 left on base; Hudson Valley 1 - Los Angeles (NYP) 1
TOP OF THE 3RD
Hudson Valley Renegades batting - Pitching for Los Angeles (NYP) Angels : LHP Jon Curtis
Batting: SHB Josif Popovski 0-0: Ball
1-0: Ball
2-0: Ball
3-0: Base on Balls
Batting: RHB Jesse Haddad 0-0: Ball
Josif Popovski steals 2nd base
1-0: Fly out, F5 (Popup, 25F, EV 78.8 MPH)
Batting: LHB Mark Marvin 0-0: Foul Ball, location: 2F
0-1: Ball
1-1: Called Strike
1-2: Ball
2-2: Ball
3-2: Ground out 4-3 (Groundball, 4M, EV 98.1 MPH)
Josif Popovski to third
Batting: SHB Suljo Dokic 0-0: Ball
1-0: Called Strike
1-1: Swinging Strike
1-2: Ball
2-2: Ball
3-2: SINGLE (Groundball, 34S, EV 73.8 MPH) (infield hit)
Josif Popovski scores
Batting: LHB Isaac Bamberg 0-0: Ball
1-0: Ball
2-0: Ball
3-0: Base on Balls
Suljo Dokic to second
Batting: RHB Freddy Mullen 0-0: Ground out 5-3 (Groundball, 56S, EV 66.9 MPH)
Top of the 3rd over - 1 run, 1 hit, 0 errors, 2 left on base; Hudson Valley 2 - Los Angeles (NYP) 1
BOTTOM OF THE 3RD
Los Angeles (NYP) Angels batting - Pitching for Hudson Valley Renegades : RHP Scott Shank
Batting: RHB Steve Hasson 0-0: Swinging Strike
0-1: Called Strike
0-2: Ball
1-2: Strikes out looking
Batting: RHB Jeff Long 0-0: Swinging Strike
0-1: Ball
1-1: Swinging Strike
1-2: Strikes out looking
Batting: RHB Mario Velazquez 0-0: Called Strike
0-1: Fly out, F4 (Popup, 4D, EV 47.5 MPH)
Bottom of the 3rd over - 0 runs, 0 hits, 0 errors, 0 left on base; Hudson Valley 2 - Los Angeles (NYP) 1
TOP OF THE 4TH
Hudson Valley Renegades batting - Pitching for Los Angeles (NYP) Angels : LHP Jon Curtis
Batting: LHB Dan Hunt 0-0: Ground out U3 (Groundball, 34D, EV 83.1 MPH)
Batting: RHB Chris Glavin 0-0: Called Strike
0-1: Ball
1-1: Fly out, F7 (Flyball, 78D, EV 91.9 MPH)
Batting: LHB Killian Chaumont 0-0: Ball
1-0: Ball
2-0: Ball
3-0: Called Strike
3-1: Base on Balls
Batting: SHB Josif Popovski 0-0: Ball
1-0: Foul Ball, location: 2F
1-1: Ball
2-1: Fly out, F9 (Line Drive, 9, EV 86.2 MPH)
Top of the 4th over - 0 runs, 0 hits, 0 errors, 1 left on base; Hudson Valley 2 - Los Angeles (NYP) 1
BOTTOM OF THE 4TH
Los Angeles (NYP) Angels batting - Pitching for Hudson Valley Renegades : RHP Scott Shank
Batting: RHB Tsega Haida 0-0: Called Strike
0-1: Fly out, F8 (Flyball, 8RD, EV 101.9 MPH)
Batting: RHB Jason Habeck 0-0: Foul Ball, location: 2F
0-1: Ball
1-1: Foul Ball, location: 2F
1-2: Ball
2-2: Ball
3-2: Strikes out swinging
Batting: RHB Steve Hughey 0-0: Ball
1-0: Called Strike
1-1: Called Strike
1-2: Ball
2-2: Ball
3-2: Strikes out swinging
Bottom of the 4th over - 0 runs, 0 hits, 0 errors, 0 left on base; Hudson Valley 2 - Los Angeles (NYP) 1
TOP OF THE 5TH
Hudson Valley Renegades batting - Pitching for Los Angeles (NYP) Angels : LHP Jon Curtis
Batting: RHB Jesse Haddad 0-0: Reached on error, E3 (Groundball, 34, EV 79.4 MPH)
Pitching: LHP Brandon Davis
Batting: LHB Mark Marvin 0-0: Ground out 4-3 (Groundball, 4, EV 84.4 MPH)
Jesse Haddad to third
Batting: SHB Suljo Dokic 0-0: Fly out, F7 (Flyball, 7, EV 85.6 MPH)
Runner from 3rd tags up, OUT at HOME! 7-2
Top of the 5th over - 0 runs, 0 hits, 1 error, 0 left on base; Hudson Valley 2 - Los Angeles (NYP) 1
BOTTOM OF THE 5TH
Los Angeles (NYP) Angels batting - Pitching for Hudson Valley Renegades : RHP Scott Shank
Batting: RHB David Kunze 0-0: Called Strike
0-1: Foul Ball, location: 2F
0-2: Ball
1-2: Fly out, F6 (Flyball, 56D, EV 75.0 MPH)
Batting: RHB Zach Robbins 0-0: SINGLE (Line Drive, 56D, EV 103.8 MPH)
Batting: RHB Randy Grewe 0-0: Called Strike
0-1: Ball
1-1: Ball
2-1: 2-RUN HOME RUN (Flyball, 9LD, EV 96.9 MPH), Distance : 348 ft
Batting: RHB Steve Hasson 0-0: Ground out 5-3 (Groundball, 56S, EV 76.9 MPH)
Batting: RHB Jeff Long 0-0: Ground out 6-3 (Groundball, 6, EV 86.2 MPH)
Bottom of the 5th over - 2 runs, 2 hits, 0 errors, 0 left on base; Hudson Valley 2 - Los Angeles (NYP) 3
TOP OF THE 6TH
Hudson Valley Renegades batting - Pitching for Los Angeles (NYP) Angels : LHP Brandon Davis
Batting: LHB Isaac Bamberg 0-0: Ground out 4-3 (Groundball, 4, EV 80.0 MPH)
Batting: RHB Freddy Mullen 0-0: Called Strike
0-1: Swinging Strike
0-2: Ball
1-2: Foul Ball, location: 2F
1-2: Ball
2-2: Foul Ball, location: 2F
2-2: Strikes out swinging
Batting: LHB Dan Hunt 0-0: Swinging Strike
0-1: Foul Ball, location: 2F
0-2: Ball
1-2: Ball
2-2: Ground out 4-3 (Groundball, 4, EV 91.9 MPH)
Top of the 6th over - 0 runs, 0 hits, 0 errors, 0 left on base; Hudson Valley 2 - Los Angeles (NYP) 3
BOTTOM OF THE 6TH
Los Angeles (NYP) Angels batting - Pitching for Hudson Valley Renegades : RHP Scott Shank
Batting: RHB Mario Velazquez 0-0: Ball
1-0: Ball
2-0: Called Strike
2-1: Foul Ball, location: 2F
2-2: Ball
3-2: Base on Balls
Batting: RHB Tsega Haida 0-0: Hit by Pitch
Mario Velazquez to second
Batting: RHB Jason Habeck 0-0: Fly out, F7 (Line Drive, 7, EV 89.4 MPH)
Batting: RHB Steve Hughey 0-0: Foul Ball, location: 2F
0-1: 3-RUN HOME RUN (Flyball, 9D, EV 102.5 MPH), Distance : 394 ft
Pitching: RHP Juan Estrella
Batting: RHB David Kunze 0-0: Called Strike
0-1: Swinging Strike
0-2: Foul Ball, location: 2F
0-2: Ball
1-2: Foul Ball, location: 2F
1-2: Ball
2-2: Strikes out swinging
Batting: RHB Zach Robbins 0-0: Ground out U3 (Groundball, 34S, EV 80.6 MPH)
Bottom of the 6th over - 3 runs, 1 hit, 0 errors, 0 left on base; Hudson Valley 2 - Los Angeles (NYP) 6
TOP OF THE 7TH
Hudson Valley Renegades batting - Pitching for Los Angeles (NYP) Angels : LHP Brandon Davis
Batting: RHB Chris Glavin 0-0: Ball
1-0: Called Strike
1-1: Swinging Strike
1-2: Ball
2-2: Foul Ball, location: 2F
2-2: Ball
3-2: Ground out 6-3 (Groundball, 6, EV 86.2 MPH)
Batting: LHB Killian Chaumont 0-0: Called Strike
0-1: Called Strike
0-2: Ball
1-2: SINGLE (Groundball, 6MD, EV 101.2 MPH)
Batting: SHB Josif Popovski 0-0: Called Strike
0-1: SINGLE (Line Drive, 78S, EV 103.8 MPH)
Killian Chaumont to second
Batting: RHB Jesse Haddad 0-0: Ball
1-0: SINGLE (Groundball, 34S, EV 70.6 MPH) (infield hit)
Killian Chaumont to third
Josif Popovski to second
Batting: LHB Mark Marvin 0-0: Called Strike
0-1: Foul Ball, location: 2F
0-2: Grounds into fielders choice 1-2 (Groundball, 15, EV 66.2 MPH)
Josif Popovski to third
Jesse Haddad to second
Batting: SHB Suljo Dokic 0-0: Ball
1-0: Ball
2-0: Called Strike
2-1: Ball
3-1: Called Strike
3-2: Foul Ball, location: 2F
3-2: Strikes out looking
Top of the 7th over - 0 runs, 3 hits, 0 errors, 3 left on base; Hudson Valley 2 - Los Angeles (NYP) 6
BOTTOM OF THE 7TH
Los Angeles (NYP) Angels batting - Pitching for Hudson Valley Renegades : RHP Juan Estrella
Batting: RHB Randy Grewe 0-0: Ball
1-0: Called Strike
1-1: Swinging Strike
1-2: Strikes out swinging
Batting: RHB Steve Hasson 0-0: Called Strike
0-1: Ball
1-1: Swinging Strike
1-2: SINGLE (Groundball, 6D, EV 96.2 MPH)
Batting: RHB Jeff Long 0-0: Called Strike
0-1: Called Strike
0-2: Ball
Wild Pitch!
Steve Hasson to second
1-2: Ball
Wild Pitch!
Steve Hasson to third
2-2: Ball
3-2: Base on Balls
Batting: RHB Mario Velazquez 0-0: Called Strike
Jeff Long steals 2nd base
0-1: Ball
1-1: SINGLE (Groundball, 4MD, EV 100.6 MPH)
Steve Hasson scores
Jeff Long to third
Runner from 3rd tries for Home, SAFE, throw by CF to home
Batting: RHB Tsega Haida 0-0: Called Strike
0-1: Ball
1-1: Foul Ball, location: 2F
1-2: Foul Ball, location: 2F
1-2: Fly out, F4 (Flyball, 4D, EV 76.9 MPH)
Batting: RHB Jason Habeck 0-0: Swinging Strike
0-1: Foul Ball, location: 2F
0-2: Ball
1-2: Ball
2-2: Foul Ball, location: 2F
2-2: Foul Ball, location: 2F
2-2: Ground out 4-3 (Groundball, 34, EV 82.5 MPH)
Bottom of the 7th over - 2 runs, 2 hits, 0 errors, 1 left on base; Hudson Valley 2 - Los Angeles (NYP) 8
TOP OF THE 8TH
Hudson Valley Renegades batting - Pitching for Los Angeles (NYP) Angels : LHP Brandon Davis
Batting: LHB Isaac Bamberg 0-0: Called Strike
0-1: Foul Ball, location: 2F
0-2: SINGLE (Groundball, 4MD, EV 94.4 MPH)
Batting: RHB Freddy Mullen 0-0: Ball
1-0: Called Strike
1-1: SINGLE (Groundball, 6MD, EV 107.5 MPH)
Isaac Bamberg to second
Pinch Hitting: RHB Mark Richert 0-0: Called Strike
0-1: Ball
1-1: Called Strike
1-2: SINGLE (Line Drive, 78S, EV 107.5 MPH)
Isaac Bamberg to third
Freddy Mullen to second
Pitching: RHP Pete Warren
Pinch Hitting: SHB Tirta Subandrio 0-0: Called Strike
0-1: Called Strike
0-2: Ball
1-2: Foul Ball, location: 2F
1-2: Strikes out swinging
Batting: LHB Killian Chaumont 0-0: SINGLE (Flyball, 3D, EV 90.6 MPH)
Isaac Bamberg scores
Freddy Mullen to third
Mark Richert to second
Batting: SHB Josif Popovski 0-0: Ball
1-0: Called Strike
1-1: SINGLE (Groundball, 34D, EV 103.8 MPH) (infield hit)
Freddy Mullen scores
Mark Richert to third
Killian Chaumont to second
Pitching: RHP Joe Schuler
Batting: RHB Jesse Haddad 0-0: Ball
1-0: Called Strike
1-1: Foul Ball, location: 2F
1-2: Ball
2-2: Hit by Pitch
Mark Richert scores
Killian Chaumont to third
Josif Popovski to second
Batting: LHB Mark Marvin 0-0: Called Strike
0-1: Ball
1-1: Swinging Strike
1-2: Foul Ball, location: 2F
1-2: Fly out, F8 (Flyball, 8RD, EV 79.4 MPH)
Batting: SHB Suljo Dokic 0-0: Called Strike
0-1: GRAND SLAM HOME RUN (Flyball, 9LD, EV 91.9 MPH), Distance : 348 ft
Batting: LHB Isaac Bamberg 0-0: Ground out 4-3 (Groundball, 34, EV 86.2 MPH)
Top of the 8th over - 7 runs, 6 hits, 0 errors, 0 left on base; Hudson Valley 9 - Los Angeles (NYP) 8
BOTTOM OF THE 8TH
Los Angeles (NYP) Angels batting - Pitching for Hudson Valley Renegades : RHP Juan Estrella
Pitching: RHP Josh McMahan
Now at SS: Tirta Subandrio
Now in CF: Jesus Baires
Batting: RHB Steve Hughey 0-0: Ball
1-0: Called Strike
1-1: Ball
2-1: Ball
3-1: Called Strike
3-2: SINGLE (Groundball, 4S, EV 73.1 MPH) (infield hit)
Batting: RHB David Kunze 0-0: Ball
1-0: Swinging Strike
1-1: Foul Ball, location: 2F
1-2: Strikes out looking
Batting: RHB Zach Robbins 0-0: Ball
1-0: Fielders Choice at 2nd, 4-6 (Groundball, 4, EV 85.6 MPH)
Batting: RHB Randy Grewe 0-0: Ball
1-0: Ball
2-0: Ball
3-0: Called Strike
3-1: Base on Balls
Zach Robbins to second
Batting: RHB Steve Hasson 0-0: SINGLE (Groundball, 56D, EV 102.5 MPH)
Zach Robbins to third
Randy Grewe to second
Runner from 3rd tries for Home, throw by LF and OUT! 7-2
Bottom of the 8th over - 0 runs, 2 hits, 0 errors, 2 left on base; Hudson Valley 9 - Los Angeles (NYP) 8
TOP OF THE 9TH
Hudson Valley Renegades batting - Pitching for Los Angeles (NYP) Angels : RHP Joe Schuler
Pitching: RHP Kevin Greene
Batting: RHB Freddy Mullen 0-0: Fly out, F5 (Popup, 56S, EV 73.1 MPH)
Batting: RHB Jesus Baires 0-0: Ball
1-0: Foul Ball, location: 2F
1-1: Called Strike
1-2: Foul Ball, location: 2F
1-2: Ball
2-2: Ball
3-2: Foul Ball, location: 2F
3-2: Foul Ball, location: 2F
3-2: Ground out 6-3 (Groundball, 6, EV 85.6 MPH)
Batting: SHB Tirta Subandrio 0-0: Foul Ball, location: 2F
0-1: Ball
1-1: Foul Ball, location: 2F
1-2: Ball
2-2: DOUBLE (Line Drive, 7LD, EV 100.0 MPH)
Batting: LHB Killian Chaumont 0-0: Called Strike
0-1: Ball
1-1: Called Strike
1-2: SINGLE (Line Drive, 4M, EV 102.5 MPH)
Tirta Subandrio to third
Batting: SHB Josif Popovski 0-0: DOUBLE (Line Drive, 89M, EV 89.4 MPH)
Tirta Subandrio scores
Killian Chaumont to third
Batting: RHB Jesse Haddad 0-0: Ball
Wild Pitch!
Killian Chaumont scores
Josif Popovski to third
1-0: Ball
2-0: Called Strike
2-1: Called Strike
2-2: Ground out 4-3 (Groundball, 34, EV 86.9 MPH)
Top of the 9th over - 2 runs, 3 hits, 0 errors, 1 left on base; Hudson Valley 11 - Los Angeles (NYP) 8
BOTTOM OF THE 9TH
Los Angeles (NYP) Angels batting - Pitching for Hudson Valley Renegades : RHP Josh McMahan
Pitching: RHP Yang Meng
Batting: RHB Jeff Long 0-0: Ball
1-0: Foul Ball, location: 2F
1-1: Ball
2-1: Fly out, F8 (Flyball, 8LM, EV 95.6 MPH)
Batting: RHB Mario Velazquez 0-0: Ball
1-0: Ball
2-0: Swinging Strike
2-1: Called Strike
2-2: Strikes out swinging
Batting: RHB Tsega Haida 0-0: Fly out, F4 (Popup, 4MD, EV 59.4 MPH)
Bottom of the 9th over - 0 runs, 0 hits, 0 errors, 0 left on base; Hudson Valley 11 - Los Angeles (NYP) 8
Thursday, March 31st , 2022 - OOTP Baseball 22.12 Build 89